Map: Echo LE (Void)

Players

fropez

  • Race: Protoss Protoss
  • League: Gold
  • Spawn Location: 11:00

hobodindu - Winner!

  • Race: Zerg Zerg
  • Spawn Location: 5:00

VOD

Have the link to the VOD?

Description

Time

  • Played on: Dec. 20, 2016, 12:17 p.m.
  • Length: 11:29
Show
View Real Time Build Order
Export as new Build Order

fropez Protoss 

Build Orders: 1 Gate Expand 

Get SALT Encoding   

  12  0:03  Probe (Chrono Boost)  
  13  0:14  Probe (Chrono Boost)  
  14  0:27  Pylon  
  14  0:28  Probe (Chrono Boost)  
  15  0:45  Probe (Chrono Boost), Gateway  
  15  0:48  Assimilator  
  16  0:56  Probe (Chrono Boost)  
  17  1:07  Probe (Chrono Boost)  
  18  1:13  Pylon  
  18  1:27  Nexus  
  18  1:38  Cybernetics Core  
  18  1:39  Probe (Chrono Boost)  
  19  1:45  Assimilator  
  19  1:57  Pylon  
  19  2:00  Probe (Chrono Boost)  
  19  2:21  Zealot  
  19  2:22  Pylon  
  19  2:29  Assimilator  
  22  2:30  Probe (Chrono Boost)  
  22  2:40  Probe (Chrono Boost)  
  22  2:42  Probe (Chrono Boost), Warp Gate  
  24  2:52  Probe (Chrono Boost)  
  24  2:54  Adept  
  27  3:04  Probe (Chrono Boost), Gateway  
  28  3:12  Pylon  
  30  3:13  Mothership Core (Chrono Boost)  
  30  3:17  Adept, Probe (Chrono Boost)  
  33  3:29  Probe (Chrono Boost)  
  33  3:30  Assimilator  
  34  3:39  Probe (Chrono Boost)  
  35  3:47  Probe (Chrono Boost)  
  36  3:53  Probe (Chrono Boost)  
  37  3:55  Adept  
  37  3:57  Adept  
  37  4:01  Probe (Chrono Boost)  
  42  4:04  Probe (Chrono Boost)  
  43  4:10  Gateway  
  43  4:13  Probe (Chrono Boost)  
  43  4:14  Probe (Chrono Boost)  
  45  4:28  Probe (Chrono Boost)  
  45  4:30  Probe (Chrono Boost)  
  47  4:40  Pylon  
  47  4:49  Probe (Chrono Boost)  
  47  4:50  Twilight Council  
  47  4:51  Probe (Chrono Boost)  
  47  4:52  Gateway  
  47  4:53  Gateway  
  47  4:56  Stalker x2  
  51  5:00  Probe (Chrono Boost)  
  52  5:20  Pylon  
  52  5:24  Resonating Glaives  
  45  5:37  Assimilator  
  45  5:44  Adept x2, Pylon  
  45  5:45  Adept  
  45  5:48  Adept x2  
  55  5:52  Probe (Chrono Boost)  
  55  5:54  Probe (Chrono Boost)  
  57  6:03  Probe (Chrono Boost)  
  58  6:04  Forge  
  58  6:06  Adept x3, Probe (Chrono Boost)  
  63  6:12  Adept x2  
  63  6:21  Probe (Chrono Boost)  
  63  6:22  Probe (Chrono Boost)  
  65  6:31  Probe (Chrono Boost)  
  65  6:34  Pylon, Probe (Chrono Boost)  
  65  6:37  Stalker x2  
  69  6:40  Pylon, Protoss Ground Weapons Level 1  
  69  6:42  Pylon  
  69  6:49  Blink  
  69  6:58  Pylon  
  69  7:03  Adept x5  
  69  7:05  Pylon  
  79  7:22  Pylon, Probe (Chrono Boost)  
  81  7:23  Probe (Chrono Boost)  
  81  7:24  Nexus  
  81  7:29  Pylon  
  81  7:30  Adept  
  75  7:49  Stalker x3  
  75  7:50  Stalker  
  81  7:58  Probe x2 (Chrono Boost)  
  79  8:05  Stalker  
  79  8:10  Probe x2 (Chrono Boost)  
  79  8:12  Pylon  
  83  8:13  Assimilator  
  83  8:16  Assimilator  
  83  8:22  Probe (Chrono Boost)  
  83  8:25  Robotics Facility  
  85  8:27  Robotics Facility  
  85  8:28  Probe (Chrono Boost)  
  86  8:34  Probe (Chrono Boost)  
  86  8:36  Protoss Ground Weapons Level 2  
  86  8:37  Pylon  
  86  8:45  Stalker x3  
  94  8:57  Mothership Core (Chrono Boost)  
  90  9:06  Adept x2  
  90  9:09  Observer  
  81  9:20  Stalker x2  
  74  9:38  Probe x2 (Chrono Boost)  
  74  9:39  Stalker x2  
  74  9:45  Immortal  
  74  9:48  Adept x3  
  74  9:50  Immortal  
  76  10:07  Nexus  
  76  10:09  Probe x2 (Chrono Boost)  
  78  10:21  Probe x2 (Chrono Boost)  
  80  10:22  Pylon  
  80  10:23  Pylon, Immortal  
  84  10:32  Immortal  
  84  10:33  Probe (Chrono Boost)  
  73  11:00  Observer  
  72  11:12  Adept x2  
  72  11:13  Adept x2  
Show
View Real Time Build Order
Export as new Build Order

hobodindu Zerg - Winner!

Build Orders: Hatch First, Lurkers 

Get SALT Encoding   

  12  0:01  Drone  
  13  0:09  Drone  
  14  0:17  Overlord  
  14  0:35  Drone  
  14  0:36  Drone x2  
  17  0:58  Hatchery  
  17  1:02  Drone x2  
  18  1:22  Spawning Pool  
  17  1:33  Extractor  
  16  1:42  Drone x3  
  19  2:13  Queen  
  21  2:27  Hatchery  
  20  2:31  Queen  
  20  2:33  Extractor, Overlord  
  20  2:36  Drone x2  
  23  2:40  Drone  
  23  2:44  Drone  
  25  2:48  Drone  
  26  2:59  Queen  
  28  3:08  Metabolic Boost  
  28  3:18  Drone x4  
  28  3:19  Drone  
  33  3:22  Drone  
  34  3:31  Pneumatized Carapace  
  34  3:44  Drone x2  
  34  3:45  Drone  
  34  3:46  Roach Warren  
  36  3:49  Drone  
  36  3:51  Drone  
  36  3:53  Drone  
  36  3:54  Drone  
  40  4:02  Queen  
  42  4:19  Lair  
  42  4:27  Overlord x2  
  42  4:59  Zergling x2  
  43  5:00  Zergling x10  
  48  5:23  Overlord, Roach  
  48  5:24  Overlord  
  48  5:44  Roach x2  
  48  5:45  Roach x6  
  48  5:49  Hydralisk Den  
  63  5:52  Evolution Chamber  
  63  5:54  Extractor, Overlord, Drone x4  
  63  5:55  Overlord  
  64  6:22  Zergling x6, Roach x2  
  64  6:23  Zergling x14  
  64  6:24  Zergling x2  
  77  6:51  Overseer  
  77  6:52  Lurker Den  
  77  6:55  Burrow, Hydralisk  
  77  6:56  Hydralisk  
  77  6:57  Overlord  
  77  6:58  Overlord  
  81  7:11  Overlord x3  
  81  7:13  Overlord  
  81  7:16  Glial Reconstitution  
  81  7:18  Zerg Missile Weapons Level 1  
  81  7:24  Evolution Chamber  
  80  7:33  Hydralisk  
  80  7:34  Hydralisk x4  
  75  7:45  Zergling x8  
  75  7:46  Zergling x10  
  73  8:04  Zergling x12  
  73  8:15  Hydralisk  
  73  8:16  Hydralisk x2  
  79  8:23  Lurker  
  79  8:25  Lurker x3  
  83  8:28  Roach x2  
  87  8:34  Extractor  
  87  8:40  Drone x5  
  91  8:51  Hatchery  
  73  9:17  Zergling x6  
  73  9:18  Zergling x22  
  71  9:39  Hydralisk x6, Zergling x2  
  81  9:54  Hydralisk  
  81  9:55  Hydralisk x4  
  89  10:02  Hydralisk  
  91  10:18  Drone  
  91  10:19  Drone  
  93  10:21  Extractor  
  93  10:24  Extractor  
  91  10:30  Infestation Pit  
  91  10:35  Zergling x2  
  91  10:36  Zergling x20  
  79  11:03  Zergling x4  
  79  11:04  Zergling x16  
  74  11:05  Zergling x6  
Tags
 
Composition
Lurkers
League
Gold
Matchup
PvZ
Replay Pack
All Mines
Spawn Locations
Cross Positions
Add a new tag
Caveats
  • Supply blocks, unpowered buildings, or Contaminate may cause inaccurate times.
  • Supply counts are checked every 10 seconds.